 Dungeon Crawl Stone Soup version 0.22-a0-542-gce4f928 (webtiles) character file.

65 iamserjio the Sneak (level 4, 0/38 HPs)
             Began as a Gnoll Assassin on June 24, 2018.
             Slain by an elf zombie (2 damage)
             ... in an ossuary.
             The game lasted 00:03:12 (404 turns).

iamserjio the Sneak (Gnoll Assassin)                 Turns: 404, Time: 00:03:13

Health: 0/38       AC:  3    Str: 14      XL:     4   Next: 14%
Magic:  5/5        EV: 18    Int: 12 (14) God:
Gold:   24         SH:  0    Dex: 18 (21) Spells: 5/5 levels left

rFire    . . .     SeeInvis .   a - +2 dagger
rCold    . . .     Gourm    .   (no shield)
rNeg     . . .     Faith    .   c - +0 robe
rPois    .         Spirit   .   (no helmet)
rElec    .         Reflect  .   d - +0 cloak
rCorr    .         Harm     .   (no gloves)
MR       .....                  (no boots)
Stlth    +++++.....             (no amulet)
HPRegen  0.12/turn              (no ring)
MPRegen  0.09/turn              (no ring)

@: agile
A: distributed training, fangs 1, strong nose
a: no special abilities


You were in an ossuary.
You were not hungry.

You visited 1 branch of the dungeon, and saw 4 of its levels.
You also visited: Ossuary.

You collected 24 gold pieces.

Inventory:

Hand Weapons
 a - a +2 dagger (weapon)
 b - a +0 blowgun
Missiles
 e - 8 poisoned needles
 f - 2 curare-tipped needles {!f}
Armour
 c - a +0 robe (worn)
 d - a +0 cloak (worn)
Scrolls
 i - a scroll of teleportation {unknown}
 j - 3 scrolls of remove curse {unknown}
Comestibles
 g - a ration


   Skills:
 + Level 4.6 Fighting
 + Level 4.6 Short Blades
 + Level 1.0 Long Blades
 + Level 1.0 Axes
 + Level 1.0 Maces & Flails
 + Level 1.0 Polearms
 + Level 1.0 Staves
 + Level 1.0 Slings
 + Level 1.0 Bows
 + Level 1.0 Crossbows
 + Level 4.6 Throwing
 + Level 1.0 Armour
 + Level 2.7 Dodging
 + Level 7.8 Stealth
 + Level 1.0 Shields
 + Level 1.0 Unarmed Combat
 + Level 1.0 Spellcasting
 + Level 0.7 Conjurations
 + Level 0.7 Hexes
 + Level 0.7 Charms
 + Level 0.7 Summonings
 + Level 0.7 Necromancy
 + Level 0.7 Translocations
 + Level 0.7 Transmutations
 + Level 0.7 Fire Magic
 + Level 0.7 Ice Magic
 + Level 0.7 Air Magic
 + Level 0.7 Earth Magic
 + Level 0.7 Poison Magic
 + Level 1.1 Invocations
 + Level 1.0 Evocations


You had 5 spell levels left.
You didn't know any spells.
Your spell library was empty.

Dungeon Overview and Level Annotations

Branches:
Dungeon (4/15)
 Temple: D:4-7

Altars:


Innate Abilities, Weirdness & Mutations

Your experience applies equally to all skills.
You have very sharp teeth.
Your uncanny sense of smell can sniff out nearby items.


Message History

The mummy is almost destroyed.
You hit the mummy.
You destroy the mummy!
You feel your intelligence returning.
You have reached level 4!
You feel stronger.
You hit the elf zombie.
The elf zombie is severely damaged.
You hit the elf zombie.
The elf zombie is severely damaged.
The elf zombie closely misses you.
You hit the elf zombie.
The elf zombie is severely damaged.
The elf zombie hits you but does no damage.
You hit the elf zombie.
The elf zombie is severely damaged.
You barely miss the elf zombie.
The elf zombie is severely damaged.
The elf zombie hits you.
You die...

###################
#!!ZZ..........∩...
#!@#ZZ.............
####^........#####.
#................ZZ
#..................
#.....##...........
#.....##...........
#..................
#..................
#..#...............


You could see 2 goblin zombies, an elf zombie and a human zombie.

Vanquished Creatures
  A human zombie (Ossuary)
  A mummy (Ossuary)
  An adder (D:3)
  A leopard gecko (D:2)
  An orc (D:3)
  A ball python (D:2)
  3 giant cockroaches
  A goblin (D:1)
  2 frilled lizards
  A goblin zombie (Ossuary)
  A jackal zombie (Ossuary)
  A kobold (D:2)
  A kobold zombie (Ossuary)
  2 quokka zombies (D:4)
  A rat (D:1)
19 creatures vanquished.

Notes
Turn   | Place    | Note
-------+----------+-------------------------------------------
     0 | D:1      | iamserjio the Gnoll Assassin began the quest for the Orb.
     0 | D:1      | Reached XP level 1. HP: 20/20 MP: 1/1
   134 | D:2      | Reached XP level 2. HP: 25/26 MP: 2/2
   236 | D:4      | Noticed a wight
   263 | D:4      | Found a sand-covered staircase.
   272 | D:4      | Reached XP level 3. HP: 30/31 MP: 3/3
   281 | Ossuary  | Entered an ossuary
   374 | Ossuary  | Reached skill level 1 in Long Blades
   374 | Ossuary  | Reached skill level 1 in Axes
   374 | Ossuary  | Reached skill level 1 in Maces & Flails
   374 | Ossuary  | Reached skill level 1 in Polearms
   374 | Ossuary  | Reached skill level 1 in Staves
   374 | Ossuary  | Reached skill level 1 in Slings
   374 | Ossuary  | Reached skill level 1 in Bows
   374 | Ossuary  | Reached skill level 1 in Crossbows
   374 | Ossuary  | Reached skill level 1 in Armour
   374 | Ossuary  | Reached skill level 1 in Shields
   374 | Ossuary  | Reached skill level 1 in Unarmed Combat
   374 | Ossuary  | Reached skill level 1 in Spellcasting
   374 | Ossuary  | Reached skill level 1 in Invocations
   374 | Ossuary  | Reached skill level 1 in Evocations
   397 | Ossuary  | HP: 1/31 [mummy (5)]
   399 | Ossuary  | Reached XP level 4. HP: 1/38 MP: 5/5
   404 | Ossuary  | Slain by an elf zombie

Vault maps used:
D:1:      kennysheep_arrival_seaside
D:2:      uniq_robin, uniq_crazy_yiuf_cottage
D:3:      chequers_temple_overflow_statue_of_worship, okawaru_metal_pillars_1_2
D:4:      enter_ossuary_4, uniq_sigmund, uniq_eustachio, uniq_menkaure,
          uniq_grinder
Ossuary:  ossuary_minmay_tomb_2a

Skill      XL: |  1  2  3 |
---------------+----------+-----
Long Blades    | 1 |  1.0
Axes           | 1 |  1.0
Maces & Flails | 1 |  1.0
Polearms       | 1 |  1.0
Staves         | 1 |  1.0
Slings         | 1 |  1.0
Bows           | 1 |  1.0
Crossbows      | 1 |  1.0
Armour         | 1 |  1.0
Shields        | 1 |  1.0
Unarmed Combat | 1 |  1.0
Spellcasting   | 1 |  1.0
Invocations    | 1 |  1.1
Evocations     | 1 |  1.0
Fighting       | |  4.6
Short Blades   | |  4.6
Throwing       | |  4.6
Dodging        | |  2.7
Stealth        | |  7.8
Conjurations   | |  0.7
Hexes          | |  0.7
Charms         | |  0.7
Summonings     | |  0.7
Necromancy     | |  0.7
Translocations | |  0.7
Transmutations | |  0.7
Fire Magic     | |  0.7
Ice Magic      | |  0.7
Air Magic      | |  0.7
Earth Magic    | |  0.7
Poison Magic   | |  0.7

Action                   |  1- 3 |  4- 6 || total
-------------------------+-------+-------++-------
Melee: Dagger            |    93 |     5 ||    98
       Bite              |    12 |       ||    12
       Punch             |     1 |       ||     1
  Use: Potion            |     5 |       ||     5
 Stab: Sleeping          |    10 |       ||    10
Armor: Robe              |    12 |     1 ||    13
Dodge: Dodged            |    44 |     1 ||    45

Table legend:
 A = Spawn XP
 B = Non-spawn XP
 C = Spawn XP percentage of total XP
 D = Spawn monster count
 E = Non-spawn monster count
 F = Spawn count percentage of total count
 G = Total turns spent on level
                    A         B        C        D         E        F      G
               +---------+---------+-------+---------+---------+-------+---------
         Total |       0 |      94 |   0.0 |       0 |      19 |   0.0 |   404
               +---------+---------+-------+---------+---------+-------+---------
           D:1 |       0 |       7 |   0.0 |       0 |       4 |   0.0 |   113
           D:2 |       0 |       9 |   0.0 |       0 |       5 |   0.0 |    83
           D:3 |       0 |      17 |   0.0 |       0 |       3 |   0.0 |    35
           D:4 |       0 |       2 |   0.0 |       0 |       2 |   0.0 |    50
       Ossuary |       0 |      59 |   0.0 |       0 |       5 |   0.0 |   123
               +---------+---------+-------+---------+---------+-------+---------
